 Dungeon Crawl Stone Soup version 0.16-a0-1276-g18860b1 (webtiles) character file.

11039 MDvedh the Stickfighter (level 11, -6/80 HPs)
             Began as a Minotaur Gladiator on Oct 12, 2014.
             Was a Follower of Ru.
             Mangled by a blink frog (12 damage)
             ... on level 1 of the Lair of Beasts on Oct 14, 2014.
             The game lasted 00:35:37 (13512 turns).

MDvedh the Stickfighter (Minotaur Gladiator)       Turns: 13512, Time: 00:35:37

Health: -6/80      AC: 17    Str: 20    XL:     11   Next: 44%
Magic:  4/4        EV:  9    Int:  5    God:    Ru [*.....]
Gold:   563        SH:  0    Dex: 14    Spells: 0 memorised, 10 levels left

rFire  . . .     SeeInvis +     a - +0 quarterstaff
rCold  . . .     Clarity  .     q - +0 chain mail
rNeg   + . .     SustAb   .     (no shield)
rPois  .         Gourm    .     c - +1 hat
rElec  .         Spirit   .     m - +0 cloak
rCorr  .         Warding  +     o - +0 pair of gloves
rMut   .         Stasis   .     g - +0 pair of boots
MR     .....                    F - amulet of warding
Stlth  ..........               z - ring of stealth
                                l - ring of see invisible

@: not resistant to hostile enchantments, extremely unstealthy
A: retaliatory headbutt, horns 2, hated by all, disrupted magic 1
a: Renounce Religion


You were on level 1 of the Lair of Beasts.
You worshipped Ru.
Ru was aware of your devotion.
You were hungry.

You visited 3 branches of the dungeon, and saw 12 of its levels.

You collected 563 gold pieces.

Inventory:

Hand weapons
 a - a +0 quarterstaff (weapon)
Missiles
 d - 4 throwing nets (quivered)
Armour
 c - a +1 hat (worn)
 g - a +0 pair of boots (worn)
 m - a +0 cloak (worn)
 o - a +0 pair of gloves (worn)
 q - a +0 chain mail (worn)
Jewellery
 l - a ring of see invisible (left hand)
 z - a ring of stealth (right hand)
 F - an amulet of warding (around neck)
Magical devices
 n - a wand of disintegration (21)
 w - a wand of polymorph (0)
 y - a wand of flame (9)
Scrolls
 b - a scroll of identify
 i - 2 scrolls of remove curse
 j - 2 scrolls of teleportation
 A - 2 scrolls of fear
Potions
 k - 2 potions of might
 r - a potion of agility
 s - a potion of magic
 t - a potion of invisibility
 u - a potion of cure mutation
 C - a potion of berserk rage
 E - a potion of porridge
 H - a potion of haste {unknown}
 J - a potion of lignification {unknown}
Books
 B - a book of the Sky

   Spells                             Type                      Level
   Flight                             Charms/Air                   3
   Airstrike                          Air                          4
   Silence                            Hexes/Air                    5
   Deflect Missiles                   Charms/Air                   6
   Conjure Ball Lightning             Conjuration/Air              6
   Tornado                            Air                          9
Comestibles
 f - 5 royal jellies
 v - 3 meat rations
 D - 6 fruits
 G - 4 bread rations


   Skills:
 - Level 2.4 Fighting
 - Level 15.0 Staves
 - Level 2.0 Throwing
 + Level 10.8 Armour
 + Level 10.3 Dodging


You had 10 spell levels left.
You didn't know any spells.

Dungeon Overview and Level Annotations

Branches:
Dungeon (10/15)            Temple (1/1) D:7            Lair (1/8) D:10
    Orc: D:9-12

Altars:
Ashenzari
Cheibriados
Dithmenos
Elyvilon
Fedhas
Gozag
Kikubaaqudgha
Makhleb
Nemelex Xobeh
Okawaru
Qazlal
Ru
Sif Muna
Trog
Vehumet
Xom
Yredelemnul
Zin
The Shining One

Portals:
Volcano: Lair:1


Innate Abilities, Weirdness & Mutations

You reflexively headbutt those who attack you in melee.
You have a pair of horns on your head.
You are hated by all.
Your casting is slightly disrupted.


Message History

You sock the blink frog! Your headbutt misses the blink frog.
The blink frog is almost dead.
The blink frog blinks!
Unknown command.
You hear the quick rumble of a distant avalanche of rocks.
You miss the blink frog.
Your headbutt passes through the blink frog as it momentarily phases out.
The blink frog is almost dead.
The blink frog closely misses you.
Unknown command.
You completely miss the blink frog.
The blink frog is almost dead.
The blink frog hits you!
* * * LOW HITPOINT WARNING * * *
Unknown command.
The blink frog momentarily phases out as your attack passes through it.
Your headbutt misses the blink frog.
The blink frog is almost dead.
The blink frog hits you!
You die...

...# #..# ##...... ...
..## #....[. #..#
##..# #......
#...#.#..# ##.....
#...##..# #.....
#...#..## ##....
#..#...# #.....
#......### ##P...
#..F@#...### ##....
#..##.##..P#####P.#..
#..#######....#.#.....
#... #.#.......###
....# ####...####
#...## #...# #..#
##.## .# #.## #..#


You could see a blink frog.

Vanquished Creatures
  Harold (D:10)
  A death yak (D:9)
  The ghost of Somebody the Sneak, an experienced MfAs of Cheibriados (D:7)
  An ugly thing (D:8)
  A centaur skeleton (D:10)
  3 trolls
  3 blink frogs (Lair:1)
  A griffon skeleton (D:10)
  2 yaks (D:9)
  A hill giant zombie (D:10)
  A deep elf mage (D:10)
  A trapdoor spider (D:10)
  A hungry ghost (D:8)
  A hippogriff (Lair:1)
  Eustachio (D:8)
  3 wolves
  Edmund (D:4)
  A porcupine (Lair:1)
  An ice beast (D:8)
  A spider (D:8)
  6 ogres
  3 sky beasts
  A black bear (D:8)
  A water moccasin (Lair:1)
  2 yellow wasps (D:8)
  3 phantoms
  3 centaurs
  An orc warrior (D:7)
  A necrophage (D:7)
  Duvessa (D:6)
  2 crocodiles
  4 giant frogs
  Blork the orc (D:4)
  A brain worm (D:8)
  5 killer bees (D:7)
  A hippogriff zombie (D:8)
  7 scorpions
  14 wights
  A troll skeleton (D:10)
  Dowan (D:6)
  4 crimson imps
  5 electric eels
  An elf zombie (D:9)
  3 orc priests
  12 hounds
  6 iguanas
  6 orc wizards
  A yak simulacrum (D:9)
  Natasha (thrice) (D:4)
  10 worker ants
  A big kobold skeleton (D:10)
  7 adders
  A worker ant zombie (D:6)
  11 gnolls
  A shadow imp (D:10)
  5 worms
  4 white imps (D:9)
  An ufetubus (D:9)
  2 orc zombies
  An iguana simulacrum (D:9)
  An adder simulacrum (D:9)
  11 giant geckos
  2 oozes
  35 orcs
  3 ball pythons
  12 bats
  A bat skeleton (D:5)
  5 giant cockroaches
  12 hobgoblins
  16 kobolds
  7 quokkas
  2 giant newts
  A giant spore (D:6)
  17 goblins
  A hobgoblin skeleton (D:4)
  A hobgoblin zombie (D:6)
  14 jackals
  An orc skeleton (D:6)
  29 rats
  11 ballistomycetes
353 creatures vanquished.

Vanquished Creatures (others)
  An orc (D:10)
  A giant spore (D:7)
2 creatures vanquished.

Grand Total: 355 creatures vanquished

Notes
Turn   | Place    | Note
--------------------------------------------------------------
     0 | D:1      | MDvedh, the Minotaur Gladiator, began the quest for the Orb.
     0 | D:1      | Reached XP level 1. HP: 18/18 MP: 1/1
   122 | D:1      | Reached skill level 4 in Staves
   184 | D:1      | Reached XP level 2. HP: 9/25 MP: 1/1
   812 | D:1      | Reached skill level 5 in Staves
   858 | D:1      | Reached XP level 3. HP: 19/30 MP: 2/2
  1487 | D:2      | Found a shadowy altar of Dithmenos.
  1510 | D:2      | Reached XP level 4. HP: 34/37 MP: 2/2
  1545 | D:2      | Reached skill level 6 in Staves
  2297 | D:3      | Found an iron altar of Okawaru.
  2470 | D:3      | Noticed a phantom
  2481 | D:3      | Killed a phantom
  2481 | D:3      | Reached skill level 7 in Staves
  2481 | D:3      | Reached XP level 5. HP: 36/42 MP: 2/2
  2692 | D:3      | Reached skill level 8 in Staves
  2697 | D:3      | Reached XP level 6. HP: 45/50 MP: 3/3
  2956 | D:4      | Noticed Blork the orc
  2967 | D:4      | Reached skill level 9 in Staves
  2980 | D:4      | Killed Blork the orc
  3121 | D:4      | Reached XP level 7. HP: 50/56 MP: 3/3
  3155 | D:4      | Noticed Edmund
  3185 | D:4      | Killed Edmund
  3185 | D:4      | Reached skill level 10 in Staves
  3403 | D:4      | Noticed Natasha
  3409 | D:4      | Killed Natasha
  3638 | D:4      | Upgraded the game from 0.16-a0-1212-geefc3ab to 0.16-a0-1276-g18860b1
  3747 | D:4      | Noticed Natasha
  3756 | D:4      | Killed Natasha
  3936 | D:4      | Reached skill level 11 in Staves
  4073 | D:4      | Noticed Natasha
  4086 | D:4      | Killed Natasha
  4187 | D:5      | Entered Level 5 of the Dungeon
  4202 | D:5      | Found a glowing golden altar of the Shining One.
  4202 | D:5      | Found a glowing silver altar of Zin.
  4203 | D:5      | Found a white marble altar of Elyvilon.
  4497 | D:5      | Reached XP level 8. HP: 59/62 MP: 3/3
  4614 | D:5      | Found an opulent altar of Gozag.
  4998 | D:5      | Reached skill level 12 in Staves
  5763 | D:6      | Reached skill level 13 in Staves
  6587 | D:6      | Noticed Duvessa
  6587 | D:6      | Noticed Dowan
  6599 | D:6      | Killed Duvessa
  6609 | D:6      | Killed Dowan
  6609 | D:6      | Reached XP level 9. HP: 50/68 MP: 4/4
  6790 | D:7      | Reached skill level 14 in Staves
  7045 | D:7      | Found a staircase to the Ecumenical Temple.
  7069 | Temple   | Entered the Ecumenical Temple
  7386 | D:7      | Noticed Somebody's ghost (experienced MfAs)
  7536 | D:7      | Killed Somebody's ghost
  7536 | D:7      | Reached skill level 15 in Staves
  7794 | D:7      | Reached skill level 1 in Armour
  7845 | D:7      | Got a distressingly furry ring mail
  7856 | D:7      | Identified the cursed -5 ring mail "Voass" {Str+2 Int+2} (You found it on level 7 of the Dungeon)
  8248 | D:8      | Found a sacrificial altar of Ru.
  8296 | D:8      | Became a worshipper of Ru the Awakened
  8336 | D:8      | Reached skill level 5 in Dodging
  8367 | D:8      | Noticed a white ugly thing
  8384 | D:8      | Killed a white ugly thing
  8576 | D:8      | Reached skill level 5 in Armour
  8582 | D:8      | Noticed Eustachio
  8602 | D:8      | Killed Eustachio
  8602 | D:8      | Reached XP level 10. HP: 59/74 MP: 4/4
  9787 | D:9      | Gained mutation: You are hated by all. [Ru sacrifice]
  9787 | D:9      | Acquired Ru's first power
 10379 | D:9      | Noticed a death yak
 10396 | D:9      | Killed a death yak
 11067 | D:10     | Entered Level 10 of the Dungeon
 11221 | D:10     | Found a basalt altar of Yredelemnul.
 11264 | D:10     | Noticed Harold
 11302 | D:10     | Killed Harold
 11302 | D:10     | Reached XP level 11. HP: 62/80 MP: 4/4
 11341 | D:10     | Found a staircase to the Lair.
 11702 | D:10     | Reached skill level 10 in Armour
 12358 | D:10     | Found a shattered altar of Ashenzari.
 12965 | Lair:1   | Entered Level 1 of the Lair of Beasts
 13018 | Lair:1   | Gained mutation: Your casting is slightly disrupted. [Ru sacrifice]
 13047 | Lair:1   | Reached skill level 10 in Dodging
 13305 | Lair:1   | Found a dark tunnel.
 13512 | Lair:1   | Mangled by a blink frog

Action                   |  1- 3 |  4- 6 |  7- 9 | 10-12 || total
-------------------------+-------+-------+-------+-------++-------
Melee: Quarterstaff      |    98 |   133 |   539 |   556 ||  1326
       Unarmed           |       |       |     6 |       ||     6
Invok: Sacrifice Love    |       |       |       |     1 ||     1
       Sacrifice Essence |       |       |       |     1 ||     1
Evoke: Wand              |       |       |     1 |       ||     1
  Use: Potion            |       |     1 |     3 |     9 ||    13
       Scroll            |       |     4 |    13 |     2 ||    19
  Eat: Chunk             |     2 |     4 |     3 |    11 ||    20
       Bread ration      |       |     1 |     3 |       ||     4
       Royal jelly       |       |       |       |     2 ||     2
